 Dungeon Crawl Stone Soup version 0.25-a0-549-g6e6e6501ad (console) character file.

Game seed: 2245984617905121714, levelgen mode: deterministic

3414 utis the Archer (level 10, 0/60 HPs)
             Began as a Tengu Arcane Marksman on Feb 23, 2020.
             Succumbed to a hornet's poison
             ... while paralysed by a hornet
             ... on level 8 of the Dungeon.
             The game lasted 00:35:35 (12153 turns).

utis the Archer (Tengu Arcane Marksman)            Turns: 12153, Time: 00:35:36

Health: 0/60       AC:  5    Str: 10    XL:     10   Next: 5%
Magic:  11/12      EV:  2    Int: 17    God:
Gold:   2          SH:  0    Dex: 20    Spells: 5/11 levels left

rFire    . . .     SeeInvis +   w - +1 shortbow of Destiny {speed, Stlth+}
rCold    . . .     Gourm    .   (shield currently unavailable)
rNeg     . . .     Faith    .   t - +0 leather armour of the Original Sin {+Blink Dex+5} (curse)
rPois    .         Spirit   .   (helmet restricted)
rElec    .         Reflect  .   o - +0 cloak
rCorr    .         Harm     .   (no gloves)
MR       .....                  (boots unavailable)
Stlth    ++++......             k - amulet of the acrobat
HPRegen  0.20/turn              v - ring of see invisible
MPRegen  0.13/turn              U - +1 ring of protection

@: paralysed, lethally poisoned (0 -> -16), flying quickly and evasively, very
slightly contaminated, slowed, quick
A: beak, talons 3, able to fly
a: Stop Flying, Evoke Blink


You were on level 8 of the Dungeon.
You were not hungry.

You visited 1 branch of the dungeon, and saw 8 of its levels.
You also visited: Ossuary.

You collected 448 gold pieces.
You spent 446 gold pieces at shops.

Inventory:

Hand Weapons
 a - a +2 vorpal war axe
 b - a +0 hunting sling
 n - a +0 club
 w - the +1 shortbow of Destiny (weapon) {speed, Stlth+}
   (You bought it in a shop on level 8 of the Dungeon)

   Attacks with this weapon are significantly faster.
   It makes you more stealthy.
 D - a +1 shortbow
 S - a +3 great sword
 X - a cursed +3 halberd
 Z - a +2 quarterstaff of chaos
Missiles
 d - 67 arrows (quivered)
 m - 238 stones
 x - 4 boomerangs
 M - 43 sling bullets
Armour
 e - a +0 robe
 l - a +0 leather armour
 o - a +0 cloak (worn)
 t - the cursed +0 leather armour of the Original Sin (worn) {+Blink Dex+5}
   (You found it on level 6 of the Dungeon)

   It affects your dexterity (+5).
   It lets you blink.
   If you remove this armour, your AC will decrease by 3 (5 -> 2).
   It has a curse placed upon it.
 u - a +2 leather armour of fire resistance
 I - a +0 leather armour of magic resistance
Jewellery
 k - an amulet of the acrobat (around neck)
 v - a ring of see invisible (left hand)
 C - an uncursed ring of ice
 N - an uncursed ring of positive energy
 U - a +1 ring of protection (right hand)
Wands
 A - a wand of enslavement (9)
 O - a wand of scattershot (5)
Scrolls
 j - 7 scrolls of enchant weapon
 r - 2 scrolls of magic mapping
 y - a scroll of fear
 z - a scroll of summoning {unknown}
 F - a scroll of amnesia {unknown}
 H - a scroll of acquirement {unknown}
 L - a scroll of immolation {unknown}
 P - a scroll of enchant armour {unknown}
 Q - a scroll of blinking {unknown}
 T - 2 scrolls of remove curse {@r2}
 V - 2 scrolls of teleportation {unknown}
 W - a scroll of fog {unknown}
Potions
 c - 2 potions of lignification
 g - 3 potions of heal wounds {@q2}
 h - 7 potions of curing {@q1}
 i - 2 potions of ambrosia
 p - 2 potions of mutation {!q}
 q - 2 potions of stabbing
 s - 2 potions of cancellation
 E - a potion of resistance {unknown}
 G - 2 potions of brilliance
 J - 2 potions of flight {unknown}
 K - a potion of invisibility {unknown}
 R - 2 potions of degeneration {unknown}
Comestibles
 f - 8 rations {@e1}


   Skills:
 + Level 5.8 Fighting
 * Level 8.9 Bows
 + Level 7.3 Dodging
 - Level 5.0 Stealth
 - Level 1.0 Spellcasting
 - Level 5.0 Hexes


You had 5 spell levels left.
You knew the following spells:

 Your Spells              Type           Power        Failure   Level  Hunger
a - Corona                Hex            ###....      3%          1    ##.....
o - Portal Projectile     Hex/Tloc       #.....       30%         3    ####...
w - Slow                  Hex            ###.....     5%          2    ###....

Your spell library contained the following spells:

 Spells                   Type           Power        Failure   Level  Hunger
 Magic Dart               Conj           #...         28%         1    ##.....
 Shock                    Conj/Air       #...         28%         1    ##.....
 Inner Flame              Hex/Fire       #.......     30%         3    ####...
 Cause Fear               Hex            ###.......   36%         4    #####..
 Blink                    Tloc           N/A          41%         2    ###....
 Call Imp                 Summ           #.......     41%         2    ###....
 Swiftness                Chrm/Air       #.......     41%         2    ###....
 Conjure Flame            Conj/Fire      #.......     65%         3    ####...
 Mephitic Cloud           Conj/Pois/Air  #.......     65%         3    ####...
 Static Discharge         Conj/Air       #.......     65%         3    ####...
 Leda's Liquefaction      Hex/Erth       #.........   71%         4    #####..
 Airstrike                Air            #.........   96%         4    #####..
 Lightning Bolt           Conj/Air       #.........   100%        5    ######.


Dungeon Overview and Level Annotations

Branches:
Dungeon (8/15)             Temple (0/1) D:5         Ossuary (visited)
   Lair: D:8-11

Altars:
The Shining One

Shops:
D:6 *   D:8 ?(*


Innate Abilities, Weirdness & Mutations

You have a beak for a mouth.
You have claws for feet.
You can fly continuously.


Message History

You feel yourself speed up.
You feel sick. The hornet stings you.
* * * LOW HITPOINT WARNING * * *
You feel yourself slow down.
Firing (i - inventory. (/) - cycle)
d - 68 arrows (quivered)
Press: ? - help, Shift-Dir - straight line, f/p - hornet
Aim: a hornet (severely wounded)
You shoot an arrow. The arrow hits the hornet.
The hornet is severely wounded.
The hornet stings you!
* * * LOW HITPOINT WARNING * * *
You suddenly lose the ability to move!
You feel sick. The hornet stings you.
* * * LOW HITPOINT WARNING * * *
You are lethally poisoned!
You feel as though you will be slow longer.
The hornet stings you!
* * * LOW HITPOINT WARNING * * *
You feel as though you will be slow longer.
You die...

░➘░.░ ░➘..
░➘.. ░.. ... ░
░.░.░
░.░░░y░.░
░....Q..░ ░+░
░░░░░.░░░ ░.░
░♣.░ ░.░ ░..░
░░░░░░░░░.░░
♣∩♣░
░..........░░
░..░
░.░░░░░.....░░
░♣.░ ░.░
░░......
░.░░░.░
░░.░░░░
░.....░ ░.░


You could see a hornet.

Vanquished Creatures
  Menkaure (D:7)
  Duvessa (D:7)
  An orc warrior (D:6)
  2 ice beasts
  A sky beast (D:6)
  3 necrophages
  A centaur (D:8)
  6 ogres
  A crocodile (D:7)
  3 bullfrogs
  Dowan (D:7)
  A water moccasin zombie (D:7)
  A water moccasin skeleton (D:7)
  A scorpion (D:4)
  6 killer bees (D:4)
  5 wights (D:7)
  2 crimson imps
  A bullfrog zombie (D:7)
  4 orc priests
  A centaur skeleton (D:6)
  Crazy Yiuf (D:7)
  A bullfrog skeleton (D:6)
  2 hounds
  4 iguanas
  An orc wizard (D:7)
  6 worker ants
  A big kobold zombie (Ossuary)
  A hound zombie (D:6)
  A hound skeleton (D:5)
  8 mummies (Ossuary)
  2 worker ant zombies
  4 gnolls (D:5)
  4 adders
  2 oozes
  An adder skeleton (D:3)
  2 worms (D:3)
  4 dart slugs
  4 leopard geckos
  19 orcs
  2 ball pythons
  8 giant cockroaches
  12 goblins
  3 hobgoblins
  14 jackals
  5 quokkas
  A ball python skeleton (D:5)
  8 bats
  6 frilled lizards
  2 gnoll zombies (Ossuary)
  A hobgoblin zombie (Ossuary)
  A jackal skeleton (D:7)
  6 kobolds
  4 orc zombies (Ossuary)
  7 rats
191 creatures vanquished.

Notes
Turn   | Place    | Note
-------+----------+-------------------------------------------
     0 | D:1      | utis the Tengu Arcane Marksman began the quest for the Orb.
     0 | D:1      | Reached XP level 1. HP: 12/12 MP: 3/3
   400 | D:1      | Reached XP level 2. HP: 9/16 MP: 1/4
   535 | D:1      | Learned a level 2 spell: Slow
  1212 | D:1      | Reached skill level 3 in Bows
  1354 | D:1      | Reached XP level 3. HP: 20/20 MP: 5/5
  3368 | D:2      | Reached XP level 4. HP: 20/25 MP: 6/6
  3519 | D:3      | Reached skill level 4 in Bows
  4272 | D:3      | Gained mutation: You can fly continuously. [Tengu growth]
  4272 | D:3      | Reached XP level 5. HP: 26/29 MP: 7/7
  4521 | D:4      | Noticed an ogre
  4899 | D:4      | Killed an ogre
  4899 | D:4      | Reached skill level 5 in Bows
  4899 | D:4      | Reached skill level 5 in Dodging
  4899 | D:4      | Reached XP level 6. HP: 34/34 MP: 6/8
  5514 | D:4      | Reached XP level 7. HP: 38/38 MP: 9/9
  6040 | D:5      | Entered Level 5 of the Dungeon
  6228 | D:5      | Reached XP level 8. HP: 34/46 MP: 5/10
  6602 | D:5      | Found a staircase to the Ecumenical Temple.
  6632 | D:5      | Reached skill level 5 in Hexes
  7139 | D:6      | Got a polished leather armour
  7162 | D:6      | Identified the cursed +0 leather armour of the Original Sin
                  | {+Blink Dex+5} (You found it on level 6 of the Dungeon)
  7188 | D:6      | Found Mylekol's Assorted Antiques.
  7243 | D:6      | Found a sand-covered staircase.
  7252 | Ossuary  | Entered an ossuary
  7608 | Ossuary  | Reached skill level 6 in Bows
  7717 | Ossuary  | Reached skill level 1 in Stealth
  8313 | D:6      | Learned a level 3 spell: Portal Projectile
  8532 | D:6      | Reached XP level 9. HP: 52/52 MP: 7/11
  8991 | D:6      | Reached skill level 7 in Bows
  9442 | D:7      | Reached skill level 5 in Fighting
  9535 | D:7      | Noticed Menkaure
  9541 | D:7      | Killed Menkaure
  9782 | D:7      | Found a glowing golden altar of the Shining One.
  9802 | D:7      | Reached skill level 8 in Bows
  9814 | D:6      | Bought a runed falchion for 144 gold pieces
  9982 | D:7      | Noticed Dowan
 10839 | D:7      | Found a runed translucent door.
 10840 | D:7      | Noticed Crazy Yiuf
 11413 | D:7      | Killed Crazy Yiuf
 11503 | D:7      | Noticed Duvessa
 11532 | D:7      | Killed Duvessa
 11547 | D:7      | Killed Dowan
 11547 | D:7      | Reached XP level 10. HP: 18/60 MP: 12/12
 11778 | D:8      | Found Dyviwori's General Store.
 11837 | D:8      | Reached skill level 5 in Stealth
 11958 | D:8      | Found Rerghaho's Antique Weapon Boutique.
 11966 | D:8      | Bought an encrusted shortbow for 232 gold pieces
 11966 | D:8      | Identified the +1 shortbow of Destiny {speed, Stlth+} (You
                  | bought it in a shop on level 8 of the Dungeon)
 12121 | D:8      | Found Enabuim's Magic Scroll Boutique.
 12126 | D:8      | Bought a scroll of remove curse for 30 gold pieces
 12126 | D:8      | Bought a scroll of identify for 20 gold pieces
 12126 | D:8      | Bought a scroll of identify for 20 gold pieces
 12151 | D:8      | Paralysed by a hornet for 3 turns
 12152 | D:8      | HP: 2/60 [hornet (14)]
 12153 | D:8      | Succumbed to a hornet's poison

Levels and vault maps discovered:
D:1:      tarquinn_simple_flora_water_f, layout_basic
D:2:      layout_basic, first_ration, serial_bayou, serial_bayou_pond_e,
          serial_bayou_pond_a, serial_bayou_pond_e, serial_bayou_lagoon_a,
          serial_bayou_shore_a, serial_bayou_pond_a
D:3:      layout_rooms, st_stairs_8, kennysheep_generic_room_11
D:4:      layout_loops_corners
D:5:      layout_basic, minmay_temple_entry_tees
D:6:      layout_rooms, enter_ossuary_1, serial_shops, shop
D:7:      layout_loops_ring, tso_oasis_becter, uniq_crazy_yiuf_cottage,
          uniq_menkaure, uniq_duvessa
D:8:      layout_loops_corners, serial_shops, kennysheep_mini, shop_statue,
          nicolae_shop_trees, shop, fedhas_altar_decomposition

Skill      XL: |  1  2  3  4  5  6  7  8  9 10 |
---------------+-------------------------------+-----
Bows           | 3 4 5 6 8 |  8.9
Dodging        | 3 4 5 6 7 |  7.3
Hexes          | 3 4 5 |  5.0
Fighting       | 3 4 5 |  5.8
Stealth        | 3 4 5 |  5.0
Spellcasting   | |  1.0

Action                   |  1- 3 |  4- 6 |  7- 9 | 10-12 || total
-------------------------+-------+-------+-------+-------++-------
Melee: Club              |    19 |       |       |       ||    19
       Kick              |    21 |    10 |    61 |     4 ||    96
       Unarmed           |     3 |       |       |       ||     3
       Peck              |    11 |     3 |    35 |     2 ||    51
       Dagger            |    47 |    25 |       |       ||    72
       Spear             |       |     6 |    28 |       ||    34
       War axe           |       |       |   126 |     9 ||   135
       Great sword       |       |       |    35 |       ||    35
 Fire: Hunting sling     |    29 |    33 |    89 |     9 ||   160
       Shortbow          |     8 |   105 |   262 |    19 ||   394
Throw: Stone             |    26 |     2 |     2 |       ||    30
 Cast: Corona            |    31 |       |     1 |       ||    32
       Slow              |       |     7 |    77 |     2 ||    86
 Abil: Fly               |       |     1 |       |       ||     1
  Use: Scroll            |     6 |     2 |     5 |     2 ||    15
       Potion            |       |     2 |       |       ||     2
 Stab: Sleeping          |     3 |     1 |     2 |       ||     6
       Distracted        |       |       |     1 |       ||     1
  Eat: Chunk             |     8 |     8 |    18 |     2 ||    36
       Ration            |       |       |     2 |       ||     2
Armor: Robe              |     4 |       |       |       ||     4
       Leather armour    |    11 |    11 |    26 |       ||    48
       Skin              |       |    18 |    30 |       ||    48
Dodge: Dodged            |    64 |    66 |   193 |    25 ||   348
       Rpst.: Great sword |       |       |     6 |       ||     6

Table legend:
 A = Non-vault XP
 B = Vault XP
 C = Vault XP percentage of total XP
 D = Non-vault monster count
 E = Vault monster count
 F = Vault count percentage of total count
                 A         B        C        D         E       F
            +---------+---------+-------+---------+---------+-------
      Total |    4260 |     618 |  12.7 |     170 |      21 |  11.0
            +---------+---------+-------+---------+---------+-------
        D:1 |      35 |       0 |   0.0 |      18 |       0 |   0.0
        D:2 |      47 |       0 |   0.0 |      26 |       0 |   0.0
        D:3 |      89 |       3 |   3.3 |      23 |       1 |   4.2
        D:4 |     761 |       0 |   0.0 |      25 |       0 |   0.0
        D:5 |     660 |       0 |   0.0 |      19 |       0 |   0.0
        D:6 |    1122 |       0 |   0.0 |      23 |       0 |   0.0
        D:7 |    1362 |     439 |  24.4 |      33 |       4 |  10.8
        D:8 |     184 |       0 |   0.0 |       3 |       0 |   0.0
    Ossuary |       0 |     176 | 100.0 |       0 |      16 | 100.0
            +---------+---------+-------+---------+---------+-------
